 Dungeon Crawl Stone Soup version 0.24.0-13-gcf9b319 (webtiles) character file.

Game seed: 15043808562939818984, levelgen mode: deterministic

331 Bronimir the Bolt Thrower (level 6, -1/52 HPs)
             Began as a Deep Dwarf Hunter on Mar 16, 2020.
             Was an Initiate of Elyvilon.
             Killed from afar by an orc wizard (11 damage)
             ... with a puff of flame
             ... on level 4 of the Dungeon.
             The game lasted 00:09:44 (2413 turns).

Bronimir the Bolt Thrower (Deep Dwarf Hunter)       Turns: 2413, Time: 00:09:45

Health: -1/52      AC:  5    Str: 18    XL:     6   Next: 26%
Magic:  7/7        EV: 11    Int: 11    God:    Elyvilon [......]
Gold:   112        SH:  4    Dex: 13    Spells: 5/5 levels left

rFire    . . .     SeeInvis .   b - +1 hand crossbow
rCold    . . .     Gourm    .   g - +0 buckler
rNeg     . . .     Faith    .   w - +0 ring mail
rPois    .         Spirit   .   (no helmet)
rElec    .         Reflect  .   (no cloak)
rCorr    .         Harm     .   (no gloves)
MR       .....                  (no boots)
Stlth    +.........             (no amulet)
HPRegen  0.00/turn              (no ring)
MPRegen  0.10/turn              (no ring)

@: non-regenerating
A: damage resistance, heal wounds, sense surroundings 1, no regeneration
a: Heal Wounds, Renounce Religion


You were on level 4 of the Dungeon.
You worshipped Elyvilon.
Elyvilon was noncommittal.
You were not hungry.

You visited 1 branch of the dungeon, and saw 4 of its levels.

You collected 112 gold pieces.

Inventory:

Hand Weapons
 a - a +0 war axe
 b - a +1 hand crossbow (weapon)
 d - a +1 great sword of venom
 r - a +0 hunting sling
 s - a +0 short sword
 u - a +0 quarterstaff of speed
 y - a +0 hand axe
 z - a +0 spear
Missiles
 e - 191 stones
 h - 15 boomerangs
 x - 9 bolts (quivered)
Armour
 c - a +0 leather armour
 g - a +0 buckler (worn)
 w - a +0 ring mail (worn)
Scrolls
 l - a scroll of amnesia
 n - a scroll of identify
 p - a scroll of magic mapping
Potions
 i - 2 potions of curing
 m - a potion of degeneration {unknown}
 o - a potion of heal wounds {unknown}
 v - a potion of might {unknown}
Comestibles
 f - 7 rations
 t - 8 chunks of flesh


   Skills:
 + Level 2.2 Fighting
 + Level 0.2(0.3) Axes
 + Level 0.2 Polearms
 + Level 1.3 Slings
 + Level 6.2 Crossbows
 * Level 2.3 Armour
 + Level 2.5 Dodging
 - Level 1.2 Stealth
 * Level 3.0 Shields
 * Level 0.2 Spellcasting
 * Level 1.6 Invocations


You had 5 spell levels left.
You didn't know any spells.
Your spell library contained the following spells:

 Spells                   Type           Power        Failure   Level  Hunger
 Magic Dart               Conj           #...         56%         1    ##.....
 Blink                    Tloc           N/A          71%         2    ###....
 Call Imp                 Summ           #.......     71%         2    ###....
 Slow                     Hex            #.......     71%         2    ###....
 Conjure Flame            Conj/Fire      #.......     91%         3    ####...
 Mephitic Cloud           Conj/Pois/Air  #.......     91%         3    ####...


Dungeon Overview and Level Annotations

Branches:
Dungeon (4/15)
 Temple: D:4-7

Altars:
Ashenzari
Cheibriados
Dithmenos
Elyvilon
Qazlal
Wu Jian


Innate Abilities, Weirdness & Mutations

You are resistant to damage.
You can heal yourself by infusing magical energy.
You passively map a small area around you.
You do not regenerate.


Message History

You feel blessed for a moment.
It was a scroll of remove curse.
The ooze quivers.
As you read the scroll labeled MUFYATENUL, it crumbles to dust.
You hear a loud clanging noise!
It was a scroll of noise.
You hear a shout! x2
As you read the scroll labeled POOSTR WEPNOLUYKON, it crumbles to dust.
The creatures around you are filled with an inner flame!
It was a scroll of immolation.
The orc wizard gestures at you while chanting.
The magic dart hits you.
You hear the rusting of a very distant drain.
The orc wizard hits you with a +0 dagger.
* * * LOW HITPOINT WARNING * * *
The orc wizard casts a spell at you. The magic dart hits you!
* * * LOW HITPOINT WARNING * * *
The orc wizard points at you and mumbles some strange words.
The puff of flame hits you!
You die...

*,,*,,,,,,*,*,,*,*,,*,*,,,***
*,,*,,*,***,,**,,,**,,*****
,,,,,,,** *,,**,,,**,,* *,,,,,,*
*,*,,*,*,,*,* *,**,*,**
*,,,,,©,,,,,*
*,**,**,****####*****************
*,**,***,,,*#..# *,#*,,,,,,,,,,,,
,,,,,,,,,,**#..###.#*************
*,**,***#,* #...@..#
*,**.####.###o######
,,,*(....J.o..# *,,,......#####
*,,,.####** ******


You could see an orc wizard (inner flame).

Vanquished Creatures
  A bullfrog (D:2)
  An orc priest (D:3)
  A hound (D:4)
  2 orc wizards (D:3)
  4 adders
  5 worms
  4 dart slugs
  4 leopard geckos
  10 orcs
  4 bats
  5 giant cockroaches
  16 goblins
  9 hobgoblins
  8 kobolds
  2 quokkas (D:2)
  3 frilled lizards
  7 rats
86 creatures vanquished.

Notes
Turn   | Place    | Note
-------+----------+-------------------------------------------
     0 | D:1      | Bronimir the Deep Dwarf Hunter began the quest for the Orb.
     0 | D:1      | Reached XP level 1. HP: 19/19 MP: 1/1
   164 | D:1      | Reached XP level 2. HP: 26/26 MP: 2/2
   365 | D:1      | Reached skill level 5 in Crossbows
   408 | D:1      | Reached skill level 1 in Shields
   606 | D:1      | Reached XP level 3. HP: 29/32 MP: 3/3
   850 | D:2      | Noticed a bullfrog
   854 | D:2      | Killed a bullfrog
   854 | D:2      | Reached skill level 1 in Armour
   854 | D:2      | Reached XP level 4. HP: 33/39 MP: 4/4
   892 | D:2      | Reached skill level 6 in Crossbows
  1055 | D:2      | Reached XP level 5. HP: 27/45 MP: 5/5
  1161 | D:2      | Found a white marble altar of Elyvilon.
  1299 | D:2      | Found a shadowy altar of Dithmenos.
  1299 | D:2      | Found a snail-covered altar of Cheibriados.
  1304 | D:2      | Found a shattered altar of Ashenzari.
  1306 | D:2      | Found a stormy altar of Qazlal.
  1310 | D:2      | Found an ornate altar of the Wu Jian Council.
  1385 | D:2      | Became a worshipper of Elyvilon the Healer
  1715 | D:3      | HP: 1/45 [orc priest/divine providence (7)]
  1716 | D:3      | Reached skill level 1 in Slings
  1718 | D:3      | Reached skill level 1 in Invocations
  1801 | D:3      | Reached XP level 6. HP: 24/52 MP: 6/6
  2413 | D:4      | Killed from afar by an orc wizard

Levels and vault maps discovered:
D:1:      evilmike_arrival_fibonacci_small, layout_loops_ring, st_stairs_8,
          minmay_pentomino_s2
D:2:      layout_basic, lemuel_doored_altar, chequers_temple_overflow_minitemple
D:3:      layout_basic, first_ration
D:4:      layout_loops_ring, gammafunk_ghost_smash, portal_sewer_entry_b

Skill      XL: |  1  2  3  4  5  6 |
---------------+-------------------+-----
Crossbows      | 5 6 |  6.2
Shields        | 1 2 3 |  3.0
Fighting       | 2 |  2.2
Armour         | 1 2 |  2.3
Slings         | 1 |  1.3
Invocations    | 1 |  1.6
Axes           | |  0.2
Polearms       | |  0.2
Dodging        | |  2.5
Stealth        | |  1.2
Spellcasting   | |  0.2

Action                   |  1- 3 |  4- 6 || total
-------------------------+-------+-------++-------
Melee: Spear             |       |    40 ||    40
       Short sword       |       |    14 ||    14
       War axe           |       |    19 ||    19
       Hand crossbow     |       |     1 ||     1
 Fire: Hand crossbow     |    76 |    79 ||   155
       Hunting sling     |       |    47 ||    47
Throw: Stone             |       |    20 ||    20
 Abil: Heal Wounds       |       |     2 ||     2
  Use: Scroll            |       |     9 ||     9
  Eat: Chunk             |       |     5 ||     5
Armor: Leather armour    |     9 |    10 ||    19
       Ring mail         |       |    23 ||    23
Dodge: Dodged            |    15 |    68 ||    83
Block: Buckler           |     4 |    21 ||    25
